Map: Ruines de Seras

Players

Naffy - Winner!

  • Race: Terran Terran
  • League: Master

Batou

  • Race: Zerg Zerg
  • League: Master

VOD

Have the link to the VOD?

Description

Time

  • Played on: Nov. 26, 2015, 11:44 a.m.
  • Length: 9:53
Show
View Real Time Build Order
Export as new Build Order

Naffy Terran - Winner!

Build Orders: Reaper Expand, Banshee Rush 

Get SALT Encoding   

  12  0:01  SCV  
  13  0:13  SCV  
  14  0:17  Supply Depot  
  14  0:25  SCV  
  15  0:30  Refinery  
  15  0:39  SCV  
  16  0:46  Barracks  
  16  0:51  SCV  
  17  1:03  SCV  
  18  1:15  SCV  
  19  1:32  Orbital Command  
  19  1:33  Reaper  
  20  1:46  Command Center  
  20  1:58  Factory  
  20  2:00  SCV  
  21  2:08  Barracks Reactor  
  21  2:13  SCV  
  21  2:14  Supply Depot  
  22  2:22  Refinery  
  22  2:25  SCV  
  23  2:37  SCV  
  24  2:55  SCV  
  24  2:56  Starport  
  25  3:01  Orbital Command  
  25  3:03  Hellion x2  
  29  3:07  Barracks Tech Lab  
  29  3:08  SCV  
  30  3:20  SCV  
  35  3:27  Hellion x2  
  35  3:29  SCV  
  35  3:32  SCV  
  37  3:38  Banshee, Cloaking Field  
  40  3:41  SCV  
  40  3:42  Supply Depot  
  40  3:44  SCV  
  40  3:47  Marine  
  43  3:54  Widow Mine  
  45  3:59  SCV  
  46  4:03  Widow Mine  
  46  4:04  SCV, Supply Depot  
  46  4:06  Supply Depot  
  49  4:24  Hellion  
  47  4:26  SCV  
  47  4:27  SCV  
  47  4:30  Banshee  
  48  4:31  Marine  
  48  4:32  Widow Mine  
  51  4:38  SCV  
  51  4:39  SCV  
  51  4:40  Command Center  
  53  4:51  SCV x2  
  55  4:55  Widow Mine  
  57  5:00  Widow Mine  
  57  5:06  SCV x2  
  61  5:11  Marine  
  61  5:13  Banshee  
  65  5:18  SCV x2  
  67  5:24  Hellion  
  66  5:30  SCV x2, Hellion  
  66  5:34  Marine  
  64  5:42  SCV x2  
  63  5:45  Hellion  
  65  5:51  Hellion  
  65  5:54  SCV x2  
  65  5:55  Orbital Command  
  69  5:57  Refinery  
  69  5:58  Refinery  
  69  6:03  Armory  
  69  6:05  Factory  
  69  6:06  SCV x2, Factory  
  69  6:07  Starport Reactor  
  67  6:12  Orbital Command  
  67  6:18  SCV x2  
  69  6:27  Armory  
  69  6:30  SCV x2  
  69  6:31  Liberator x2  
  70  6:40  Hellion x2  
  70  6:41  SCV  
  70  6:42  SCV  
  70  6:43  SCV  
  77  6:52  Engineering Bay  
  77  6:53  SCV  
  84  6:55  SCV  
  85  7:09  Supply Depot  
  85  7:14  Factory Tech Lab  
  85  7:17  Supply Depot x3, Terran Vehicle And Ship Armor Level 1, Terran Vehicle Weapons Level 1  
  85  7:20  Supply Depot  
  85  7:22  SCV x3, Refinery  
  88  7:24  Refinery  
  88  7:34  SCV x2  
  88  7:36  Thor  
  96  7:37  Hellion x2, Liberator x2  
  96  7:38  SCV  
  101  7:44  Supply Depot  
  101  7:45  Supply Depot  
  101  7:46  SCV x2  
  101  7:50  SCV  
  104  7:58  SCV x2  
  112  7:59  Hellion x2  
  116  8:08  SCV  
  116  8:10  SCV x2  
  116  8:11  Thor  
  125  8:20  SCV  
  125  8:22  SCV  
  125  8:23  SCV  
  125  8:25  Liberator x2  
  125  8:27  Thor  
  125  8:29  Missile Turret  
  125  8:30  Missile Turret  
  125  8:31  Missile Turret  
  125  8:32  SCV  
  142  8:55  Hellion  
  142  8:56  Hellion  
  142  9:02  Factory  
  139  9:03  Supply Depot  
  139  9:04  Supply Depot, Factory, Missile Turret  
  139  9:07  Missile Turret  
  139  9:08  Missile Turret  
  139  9:10  Missile Turret  
  139  9:18  Command Center  
  139  9:26  Command Center  
  139  9:27  Missile Turret  
Show
View Real Time Build Order
Export as new Build Order

Batou Zerg 

Build Orders: Hatch First 

Get SALT Encoding   

  12  0:01  Drone  
  13  0:14  Overlord  
  13  0:19  Drone  
  14  0:33  Drone x2  
  16  0:38  Drone  
  17  0:57  Hatchery  
  17  1:01  Drone  
  17  1:09  Drone  
  17  1:11  Extractor  
  17  1:13  Drone  
  18  1:26  Spawning Pool  
  18  1:31  Drone  
  18  1:32  Drone  
  19  1:41  Drone  
  20  1:51  Overlord  
  20  2:04  Drone  
  21  2:13  Metabolic Boost, Queen  
  23  2:15  Queen  
  23  2:18  Zergling x2  
  23  2:21  Zergling x2  
  27  2:28  Drone x2  
  29  2:30  Drone  
  29  2:35  Extractor  
  29  2:40  Drone  
  29  2:52  Extractor  
  29  2:53  Evolution Chamber, Overlord  
  26  3:00  Drone x3  
  29  3:10  Roach Warren  
  28  3:18  Drone  
  28  3:19  Drone x2  
  31  3:28  Drone x2  
  33  3:35  Drone x2  
  33  3:38  Overlord  
  35  3:43  Overlord  
  35  3:52  Roach x2  
  39  3:56  Roach  
  39  3:58  Roach  
  45  4:02  Roach  
  45  4:04  Roach  
  42  4:29  Roach x3  
  42  4:31  Zergling x10  
  50  4:45  Overlord  
  50  5:03  Ravager  
  50  5:04  Ravager x4  
  50  5:06  Roach x2, Zergling x2  
  50  5:07  Zergling x8  
  64  5:12  Ravager  
  46  5:29  Drone x6  
  46  5:33  Lair  
  48  5:44  Drone x2  
  50  5:57  Spore Crawler  
  50  5:58  Drone  
  50  5:59  Drone  
  50  6:00  Spore Crawler  
  50  6:02  Drone x3  
  50  6:03  Overlord  
  50  6:19  Drone x2, Extractor  
  50  6:25  Drone x3  
  54  6:27  Drone  
  55  6:33  Spire  
  55  6:38  Ravager  
  55  6:39  Ravager  
  55  6:40  Ravager  
  55  6:41  Drone x2  
  55  6:42  Drone  
  58  6:52  Drone  
  59  6:54  Hatchery  
  58  7:02  Drone x5  
  59  7:17  Roach x4  
  59  7:21  Overseer  
  58  7:48  Mutalisk x5  
  68  7:54  Overlord  
  68  7:55  Overlord x5  
  68  7:56  Overlord  
  68  7:58  Zerg Flyer Weapons Level 1  
  64  8:06  Mutalisk  
  65  8:27  Extractor  
  65  8:29  Mutalisk  
  65  8:30  Zergling x2  
  65  8:31  Zergling x12  
  73  8:36  Hatchery, Spore Crawler  
  73  8:38  Spore Crawler  
  73  8:39  Queen  
  72  8:51  Mutalisk x2  
  73  8:59  Roach x5  
  73  9:01  Zergling x2  
  84  9:09  Drone x2  
  86  9:13  Drone  
  87  9:21  Drone  
  84  9:32  Roach x2  
Tags
 
Add a new tag
Caveats
  • Supply blocks, unpowered buildings, or Contaminate may cause inaccurate times.
  • Supply counts are checked every 10 seconds.